 Dungeon Crawl Stone Soup version 0.18-a0-971-g0af6217 (webtiles) character file.

329 root the Gusty (level 6, -3/46 HPs)
             Began as a Draconian Air Elementalist on Jan 2, 2016.
             Killed from afar by an orc wizard (5 damage)
             ... with a magic dart
             ... on level 4 of the Dungeon.
             The game lasted 00:22:44 (3922 turns).

root the Gusty (Draconian Air Elementalist)         Turns: 3922, Time: 00:22:46

Health: -3/46      AC:  6    Str: 11    XL:     6   Next: 25%
Magic:  1/11       EV: 12    Int: 17    God:
Gold:   200        SH:  5    Dex: 11    Spells: 2 memorised, 8 levels left

rFire  . . .     SeeInvis .     (no weapon)
rCold  . . .     Gourm    .     (armour unavailable)
rNeg   . . .     Faith    .     l - +2 buckler
rPois  .         Spirit   .     (helmet restricted)
rElec  .         Dismiss  .     (no cloak)
rCorr  .         Reflect  .     (no gloves)
SustAt .         Harm     .     (no boots)
MR     .....                    (no amulet)
Stlth  ++........               (no ring)
                                (no ring)

@: not resistant to hostile enchantments, unstealthy
A: unfitting armour, cold-blooded, AC +6
a: no special abilities


You were on level 4 of the Dungeon.
You were hungry.

You visited 1 branch of the dungeon, and saw 4 of its levels.

You collected 200 gold pieces.

Inventory:

Armour
 l - a +2 buckler (worn)
 p - a +0 pair of boots
Jewellery
 j - an uncursed amulet of resist corrosion {unknown}
 k - an uncursed amulet of rage {unknown}
Scrolls
 c - a scroll of amnesia {unknown}
 e - 2 scrolls of fear {unknown}
 f - a scroll of fog {unknown}
 g - 4 scrolls of recharging {unknown}
 h - 5 scrolls of identify {unknown}
 t - a scroll of enchant weapon {unknown}
Potions
 d - a potion of mutation {unknown}
 i - 2 potions of flight {unknown}
 m - a potion of magic {unknown}
 o - 2 potions of poison {unknown}
 q - a potion of curing
 s - a potion of agility {unknown}
 v - a potion of berserk rage {unknown}
Books
 a - a book of Air

   Spells                             Type                      Level
   a - Shock                          Conjuration/Air              1
   b - Swiftness                      Charms/Air                   2
   c - Repel Missiles                 Charms/Air                   2
   d - Static Discharge               Conjuration/Air              3
   e - Lightning Bolt                 Conjuration/Air              5
Comestibles
 b - 3 bread rations
 n - a fruit
 r - a royal jelly
 u - a chunk of flesh


   Skills:
 + Level 0.9 Fighting
 + Level 2.8 Dodging
 - Level 1.7 Stealth
 + Level 0.4 Shields
 + Level 0.4 Unarmed Combat
 + Level 3.7 Spellcasting
 + Level 2.9 Conjurations
 + Level 4.4 Air Magic


You had 8 spell levels left.
You knew the following spells:

 Your Spells              Type           Power        Failure   Level  Hunger
a - Shock                 Conj/Air       ###.         8%          1    None
b - Static Discharge      Conj/Air       ###.....     17%         3    ###....


Dungeon Overview and Level Annotations

Branches:
Dungeon (4/15)
 Temple: D:4-7

Altars:
Elyvilon
Fedhas
Sif Muna
Xom

Annotations:
D:3 Grinder


Innate Abilities, Weirdness & Mutations

Your plain brown scales are hard (AC +6).
Your body does not fit into most forms of armour.
You are cold-blooded and may be slowed by cold attacks.


Message History

The puff of flame hits you!
* * * LOW HITPOINT WARNING * * *
Casting: Shock
Confirm with . or Enter, or press ? or * to list all spells.
Aiming: Shock
Press: ? - help, Shift-Dir - straight line You hear some strange, mumbled words.
A puff of frost appears from out of thin air!
The puff of frost hits you!
* * * LOW HITPOINT WARNING * * *
You hear some strange, mumbled words.
A puff of frost appears from out of thin air!
You block the puff of frost.
You are feeling hungry.
You hear some strange, mumbled words.
A puff of flame appears from out of thin air!
The puff of flame misses you.
A magic dart appears from out of thin air!
The magic dart hits you!
You die...

#..........# ##.#######..# #..#
### #..## ####### #..# ### #...#
#...... #..+ ._. +...# #.####.
#..# #.# #...# ####.#<...
#####..# #.# #...# #......#..
#......###+###...####.##.#.#..
#............@................
#.##.#####..........#.##.#.##.
#>........+......(..#.##......
###......##.........#.##...##.
#####'##+#.########..##(##....#.
#..........# ##.##.###.....
##............ #.##.# #...##
..((.......... #..#.###.....
#)............ #.........


There were no monsters in sight!

Vanquished Creatures
  A giant frog skeleton (D:4)
  A hound (D:2)
  An iguana (D:3)
  An orc wizard (D:4)
  2 worker ants (D:4)
  4 gnolls (D:3)
  6 adders
  3 worms
  A giant gecko (D:2)
  5 orcs
  3 giant cockroaches
  8 goblins
  7 hobgoblins
  7 kobolds
  2 quokkas
  3 ball pythons
  6 bats
  A giant gecko skeleton (D:4)
  6 giant newts
  8 rats
76 creatures vanquished.

Vanquished Creatures (others)
  A hobgoblin (D:3)
  A quokka (D:3)
2 creatures vanquished.

Grand Total: 78 creatures vanquished

Notes
Turn   | Place    | Note
--------------------------------------------------------------
     0 | D:1      | root the Draconian Air Elementalist began the quest for the Orb.
     0 | D:1      | Reached XP level 1. HP: 14/14 MP: 3/3
   386 | D:1      | Reached XP level 2. HP: 14/20 MP: 0/5
  1062 | D:1      | Reached XP level 3. HP: 26/26 MP: 2/6
  1144 | D:2      | Learned a level 3 spell: Static Discharge
  1902 | D:2      | Reached XP level 4. HP: 26/34 MP: 2/8
  2216 | D:2      | Found a deep blue altar of Sif Muna.
  2329 | D:3      | Noticed an ogre
  2547 | D:3      | Reached XP level 5. HP: 27/39 MP: 1/9
  2548 | D:3      | Reached skill level 4 in Air Magic
  2703 | D:3      | Found a blossoming altar of Fedhas.
  2727 | D:3      | Found a white marble altar of Elyvilon.
  2780 | D:3      | Noticed Grinder
  3505 | D:4      | Reached XP level 6. HP: 33/46 MP: 2/11
  3867 | D:4      | Found a shimmering altar of Xom.
  3918 | D:4      | HP: 2/46 [something/puff of frost (8)]
  3922 | D:4      | Killed from afar by an orc wizard

Vault maps used:
D:1:      nicolae_arrival_somewhat_less_tricky_arrival
D:2:      lemuel_coloured_pillars_altar, first_bread, minivault_27
D:3:      fedhas_altar_1, elyvilon_altar_4, uniq_grinder
D:4:      lemuel_doored_altar

Action                   |  1- 3 |  4- 6 || total
-------------------------+-------+-------++-------
Melee: Unarmed           |     8 |    26 ||    34
 Cast: Shock             |    88 |    90 ||   178
       Static Discharge  |       |     9 ||     9
  Eat: Chunk             |     4 |     7 ||    11
